 Dungeon Crawl Stone Soup version 0.28-a0-514-g0d7ab7f379 (webtiles) character file.

Game seed: 10814341706100155089

17 Rennog the Skirmisher (level 2, 27/27 HPs)
             Began as a Hill Orc Fighter on Sept 23, 2021.
             Was a Follower of Vehumet.
             Quit the game on level 1 of the Dungeon.
             The game lasted 00:00:41 (1172 turns).

Rennog the Skirmisher (Hill Orc Fighter)            Turns: 1172, Time: 00:00:42

Health: 27/27      AC:  6    Str: 18    XL:     2   Next: 62%
Magic:  2/2        EV:  9    Int:  8    God:    Vehumet [*.....]
Gold:   84         SH:  4    Dex: 10    Spells: 1/1 levels left

rFire   . . .      SeeInvis .   a - +0 war axe
rCold   . . .      Faith    .   c - +0 buckler
rNeg    . . .      Spirit   .   b - +0 scale mail
rPois   .          Reflect  .   (no helmet)
rElec   .          Harm     .   (no cloak)
rCorr   .          Rampage  .   (no gloves)
Will    .....                   (no boots)
Stlth   ..........              (no amulet)
HPRegen 0.09/turn               (no ring)
MPRegen 0.08/turn               (no ring)

@: no status effects
A: no striking features
a: Renounce Religion


You were on level 1 of the Dungeon.
You worshipped Vehumet.
Vehumet was aware of your devotion.
You visited 1 branch of the dungeon, and saw 1 of its levels.

You collected 84 gold pieces.

Inventory:

Hand Weapons
 a - a +0 war axe (weapon)
Armour
 b - a +0 scale mail (worn)
 c - a +0 buckler (worn)
Potions
 d - a potion of might
 e - a potion of flight {unknown}


   Skills:
 + Level 3.9 Fighting
 * Level 3.5 Axes
 + Level 3.5 Armour
 - Level 3.2 Shields


You had one spell level left.
You didn't know any spells.
Your spell library contained the following spells:

 Spells                   Type           Power      Damage    Failure   Level
 Shock                    Conj/Air       0%         1d3       83%         1
 Sting                    Tmut/Pois      0%         1d3       83%         1
 Poisonous Vapours        Pois/Air       0%         N/A       92%         2
 Olgreb's Toxic Radiance  Pois           0%         N/A       100%        4
 Summon Ice Beast         Ice/Summ       0%         N/A       100%        4
 Summon Mana Viper        Hex/Summ       0%         N/A       100%        5
 Monstrous Menagerie      Summ           0%         N/A       100%        7


Dungeon Overview and Level Annotations

Branches:
Dungeon (1/15)

Altars:
Vehumet


Message History

A kobold is nearby!
A kobold is nearby!
Found 17 gold pieces.
The kobold hits you but does no damage.
You slash the kobold!
You kill the kobold!
No target in view!
No target in view!
No target in view!
No target in view!
No target in view!
No target in view!
No target in view!
No target in view!
No target in view!
You now have 75 gold pieces (gained 17).
You pick up a Young Poisoner's Handbook and begin reading...
You add the spells Sting, Poisonous Vapours and Olgreb's Toxic Radiance to your library.
You now have 84 gold pieces (gained 9).
Things that are here:
a +0 short sword; a stone
Found 4 javelins.
You see here 4 javelins.
Found a faded altar of an unknown god.
Things that are here:
a +0 robe; a human skeleton No target in view!
No target in view!
No target in view!
No target in view!
Done exploring.
Done exploring.
Done exploring.
There is a faded altar of an unknown god here.
You cannot tell which god this altar belongs to.
Convert to them anyway?
Vehumet accepts your prayer! Vehumet welcomes you!
You can now gain magical power from killing.
Vehumet offers you knowledge of Shock.
Are you sure you want to abandon this character and quit the game? (Confirm with "yes".)

..##.#....#.# ####P.##.#.##.#
####.#..###.###P...###....#.#
####.#...(...#P.##P#
###.##.##
.....#.####.####.### #.....#
.....#.# #.##P...P## #######
.....#.# ###..P≈P..##
.....#.# #P..≈≈P..P# ####.#.#
##P.[...P## #.#.# ###♣@♣###
#.#.### ### #.#...# #.###.#
#.# #.# #.# #.# #.# #.# #.#
#.# #.# #.#


There were no monsters in sight!

Vanquished Creatures
  A dart slug (D:1)
  A ball python (D:1)
  An endoplasm (D:1)
  4 jackals (D:1)
  A quokka (D:1)
  3 frilled lizards (D:1)
  3 kobolds (D:1)
14 creatures vanquished.

Notes
Turn   | Place    | Note
-------+----------+-------------------------------------------
     0 | D:1      | Rennog the Hill Orc Fighter began the quest for the Orb.
     0 | D:1      | Reached XP level 1. HP: 19/19 MP: 1/1
   413 | D:1      | Reached XP level 2. HP: 23/27 MP: 2/2
  1141 | D:1      | Found a faded altar of an unknown god.
  1171 | D:1      | Became a worshipper of Vehumet
  1171 | D:1      | Reached * piety under Vehumet
  1171 | D:1      | Offered knowledge of Shock by Vehumet.
  1172 | D:1      | Quit the game

Illustrated notes

Levels and vault maps discovered:
D:1:      minmay_arrival_jagged, layout_basic,
          dreamdust_ecumenical_altar_hidden_monk_grotto

Skill      XL: |  1 |
---------------+----+-----
Axes           | 3 |  3.5
Fighting       | |  3.9
Armour         | |  3.5
Shields        | |  3.2

Action                   || total
-------------------------++-------
Melee: War axe           ||    46
Armor: Scale mail        ||    31
Dodge: Dodged            ||    15
Block: Buckler           ||    12

Table legend: (Time is in decaauts)
 A = Elapsed time spent in this place.
 B = Non-inter-level travel time spent in this place.
 C = Inter-level travel time spent in this place.
 D = Time resting spent in this place.
 E = Time spent auto-exploring this place.
 F = Levels seen in this place.
 G = Mean time per level.
                   A        B        C        D        E       F      G
               +--------+--------+--------+--------+--------+-----+--------+
         Total |   1188 |   1175 |     13 |      0 |   1070 |   1 | 1188.0 |
       Dungeon |   1188 |   1175 |     13 |      0 |   1070 |   1 | 1188.0 |
               +--------+--------+--------+--------+--------+-----+--------+

Top non-repeatable levels by time:
     D:1: 1188 daAuts
